 Adventure DCSS version bcrawl-1.27.3 (webtiles) character file.

Game seed: 2666349426389761735

96314 galech the Covered (level 4, 37/37 HPs)
             Began as a Demonspawn Fighter on Aug 6, 2020.
             Quit the game on level 4 of the Dungeon.
             The game lasted 00:02:49 (2895 turns).

galech the Covered (Demonspawn Fighter)             Turns: 2895, Time: 00:02:49

Health: 37/37      AC:  7    Str: 17    XL:     4   Next: 28%
Magic:  4/4        EV:  5    Int: 10    God:
Gold:   266        SH:  9    Dex: 12    Spells: 3/3 levels left
                                        Lives:  1   Deaths: 1

rFire    + . .     SeeInvis .   a - +0 war axe
rCold    x . .     Gourm    .   c - +0 medium shield
rNeg     . . .     Faith    .   b - +0 scale mail
rPois    +         Spirit   .   (no helmet)
rElec    .         Reflect  .   (no cloak)
rCorr    .         Harm     .   (no gloves)
MR       .....                  (no boots)
Stlth    ..........             (no amulet)
HPRegen  0.12/turn              k - ring of poison resistance
MPRegen  0.09/turn              o - ring of fire

@: no status effects
A: talons 1, rot immunity
a: no special abilities


You were on level 4 of the Dungeon.
You were not hungry.

You visited 1 branch of the dungeon, and saw 4 of its levels.

You collected 266 gold pieces.

Inventory:

Hand Weapons
 a - a +0 war axe (weapon)
Armour
 b - a +0 scale mail (worn)
 c - a +0 medium shield (worn)
Jewellery
 k - a ring of poison resistance (left hand)
 o - a ring of fire (right hand)
Wands
 q - a wand of acid (9)
 s - a wand of iceblast (9)
Scrolls
 g - 2 scrolls of noise
 h - a scroll of fear
 i - 2 scrolls of teleportation
 j - 2 scrolls of blinking
 l - a scroll of magic mapping
 n - 2 scrolls of fog
 p - 2 scrolls of identify
Potions
 f - a potion of heal wounds {unknown}
 m - a potion of brilliance {unknown}
 r - a potion of mutation {unknown}
Comestibles
 e - 5 rations {!d}
 v - 8 chunks of flesh


   Skills:
 + Level 3.7 Fighting
 + Level 2.9 Axes
 + Level 3.8 Armour
 + Level 0.6 Dodging
 + Level 0.3 Stealth
 + Level 3.2 Shields


You had 3 spell levels left.
You didn't know any spells.
Your spell library was empty.

Dungeon Overview and Level Annotations

Branches:
Dungeon (4/12)
 Temple: D:4-7

Altars:
Dithmenos
Qazlal
Ru
Xom


Innate Abilities, Weirdness & Mutations

You have sharp toenails.
You are immune to rotting.


Message History

You closely miss the orc warrior. Your kick misses the orc warrior.
The orc warrior is heavily wounded.
You block the orc warrior's attack. x2
You barely miss the orc warrior.
The orc warrior is heavily wounded.
The orc warrior barely misses you.
You slash the orc warrior! You claw the orc warrior.
The orc warrior is almost dead.
The orc warrior hits you with a +0 trident!
* * * LOW HITPOINT WARNING * * *
You barely miss the orc warrior.
The orc warrior is almost dead.
You block the orc warrior's attack.
The orc warrior hits you with a +0 trident!
You die...
Xom reaches out...
You are now level 4!
You rejoin the land of the living...
Found a stone staircase leading down.
Are you sure you want to abandon this character and quit the game? (Confirm with "yes".)

#.#####
#.....#
#.....#
#.....#
#.....#
#.....#
#######.....##
...>...@.....#
.######.######
..# #### ## #
..#


There were no monsters in sight!

Vanquished Creatures
  An orc wizard (D:4)
  Jessica (D:3)
  A worker ant (D:3)
  3 adders (D:3)
  An ooze (D:2)
  2 worms
  2 leopard geckos
  4 orcs (D:4)
  A ball python (D:3)
  A giant cockroach (D:2)
  6 hobgoblins
  8 jackals
  2 quokkas
  2 bats
  4 frilled lizards
  2 goblins
  A jackal skeleton (D:2)
  8 kobolds
  5 rats
55 creatures vanquished.

Notes
Turn   | Place    | Note
-------+----------+-------------------------------------------
     0 | D:1      | galech the Demonspawn Fighter began the quest for the Orb.
     0 | D:1      | Reached XP level 1. HP: 18/18 MP: 1/1
   471 | D:1      | Found a shimmering altar of Xom.
   477 | D:1      | Gained mutation: You are immune to rotting. [demonic
                  | ancestry]
   477 | D:1      | Reached XP level 2. HP: 21/24 MP: 2/2
  1611 | D:2      | Reached XP level 3. HP: 26/29 MP: 3/3
  1738 | D:3      | Noticed an air elemental
  1780 | D:3      | Found a stormy altar of Qazlal.
  1787 | D:3      | Noticed a water elemental
  1809 | D:3      | Noticed an earth elemental
  1809 | D:3      | Noticed a fire elemental
  2044 | D:3      | Found a shadowy altar of Dithmenos.
  2073 | D:3      | Gained mutation: You have sharp toenails. [demonic
                  | ancestry]
  2073 | D:3      | Reached XP level 4. HP: 5/35 MP: 4/4
  2482 | D:3      | Noticed Jessica
  2492 | D:3      | Killed Jessica
  2738 | D:4      | Reached XP level 5. HP: 40/42 MP: 5/5
  2758 | D:4      | Found a sacrificial altar of Ru.
  2881 | D:4      | Noticed an orc warrior
  2894 | D:4      | Slain by an orc warrior
  2895 | D:4      | Reached XP level 4. HP: -2/37 MP: 4/4
  2895 | D:4      | Quit the game

Skill      XL: |  1  2  3 |
---------------+----------+-----
Axes           | 2 |  2.9
Armour         | 3 |  3.8
Shields        | 3 |  3.2
Fighting       | |  3.7
Dodging        | |  0.6
Stealth        | |  0.3

Action                   |  1- 3 |  4- 6 || total
-------------------------+-------+-------++-------
Melee: War axe           |   111 |    21 ||   132
       Hand axe          |    26 |    62 ||    88
       Kick              |       |    15 ||    15
  Use: Scroll            |     5 |     3 ||     8
       Potion            |     2 |     1 ||     3
 Stab: Paralysed         |       |     1 ||     1
  Eat: Chunk             |     8 |     6 ||    14
Armor: Scale mail        |    66 |    38 ||   104
Dodge: Dodged            |    41 |    14 ||    55
Block: Medium shield     |    74 |    46 ||   120
